 Dungeon Crawl Stone Soup version 0.26-a0-58-g79b31b8662 (webtiles) character file.

Game seed: 14440512008638973784

754 Argons the Slicer (level 8, -6/46 HPs)
             Began as a Kobold Abyssal Knight on June 8, 2020.
             Was a Priest of Lugonu.
             Mangled by a centaur (7 damage)
             ... on level 5 of the Dungeon.
             The game lasted 00:28:04 (5441 turns).

Argons the Slicer (Kobold Abyssal Knight)           Turns: 5441, Time: 00:28:04

Health: -6/46      AC:  6    Str: 11    XL:     8   Next: 7%
Magic:  9/9        EV: 14    Int: 14    God:    Lugonu [***...]
Gold:   167        SH:  0    Dex: 14    Spells: 7/7 levels left

rFire    . . .     SeeInvis .   q - +0 rapier
rCold    . . .     Gourm    .   (shield restricted)
rNeg     . . .     Faith    .   e - +0 leather armour (curse)
rPois    .         Spirit   .   (no helmet)
rElec    .         Reflect  .   g - +1 cloak
rCorr    .         Harm     .   (no gloves)
MR       .....                  h - +0 pair of boots
Stlth    +++.......             (no amulet)
HPRegen  0.15/turn              (no ring)
MPRegen  0.11/turn              (no ring)

@: lightly drained
A: small, carnivore
a: Depart the Abyss, Bend Space, Banish, Renounce Religion


You were on level 5 of the Dungeon.
You worshipped Lugonu.
Lugonu was most pleased with you.
You were completely stuffed.

You visited 1 branch of the dungeon, and saw 5 of its levels.
You visited the Abyss 1 time.

You collected 219 gold pieces.
You spent 52 gold pieces at shops.

Inventory:

Hand Weapons
 a - a +1 short sword
 n - a +0 hunting sling
 q - a +0 rapier (weapon)
Missiles
 b - 19 sling bullets
 d - 3 boomerangs (quivered)
 i - 28 poisoned darts
 t - a throwing net
Armour
 e - a cursed +0 leather armour (worn)
 g - a +1 cloak (worn)
 h - a +0 pair of boots (worn)
Scrolls
 j - a scroll of amnesia
 k - 2 scrolls of teleportation
 r - 2 scrolls of enchant armour
Potions
 f - a potion of berserk rage
 l - a potion of haste {unknown}
 m - 2 potions of degeneration {unknown}
 o - a potion of might {unknown}
 p - a potion of resistance {unknown}
Comestibles
 c - 9 rations
 s - a chunk of flesh


   Skills:
 - Level 3.2(2.9) Fighting
 + Level 8.1(7.6) Short Blades
 + Level 1.1(0.8) Armour
 + Level 2.8(2.4) Dodging
 - Level 8.0(7.6) Stealth
 - Level 2.0(1.6) Invocations


You had 7 spell levels left.
You didn't know any spells.
Your spell library contained the following spells:

 Spells                   Type           Power        Failure   Level  Hunger
 Sandblast                Erth           #.....       36%         1    ##.....
 Passwall                 Tmut/Erth      #.......     50%         2    ###....
 Stone Arrow              Conj/Erth      #.....       75%         3    ####...
 Petrify                  Tmut/Erth      #.......     98%         4    #####..
 Lee's Rapid Deconstruct  Erth           #.........   100%        5    ######.


Dungeon Overview and Level Annotations

Branches:
Dungeon (5/15)
 Temple: D:4-7

Altars:
Sif Muna

Shops:
D:4 (

Annotations:
D:5 3 runed translucent doors, Edmund; bmfx's ghost, novice FoSu


Innate Abilities, Weirdness & Mutations

You are small and have problems with some larger weapons.
You are carnivorous and can eat meat at any time.


Message History

The centaur hits you.
You hit the centaur.
The centaur is heavily wounded.
The centaur hits you!
* * * LOW HITPOINT WARNING * * *
You hit the centaur.
The centaur is severely wounded.
The centaur hits you!
* * * LOW HITPOINT WARNING * * *
You barely miss the centaur.
The centaur is severely wounded.
The centaur closely misses you.
You completely miss the centaur.
The centaur is severely wounded.
The centaur hits you but does no damage.
The centaur closely misses you.
You hit the centaur.
The centaur is almost dead.
The centaur hits you!
You die...

.## ## ..# #.. #.#
##.. ### #.##...
#####.. #.#..# ###
#..#..### #.#.# ...
#......###.c)# ....
#........(@.>#
###.###.#..######.##
. #........# #รท#
#........######.#
#...........#...#
#........##.#.#####.
#........##..........
#......###......###..
#..........####.# #..


You could see a centaur.

Vanquished Creatures
  A phantom (D:4)
  An ogre (D:4)
  A scorpion (D:4)
  A wight (D:4)
  A crimson imp (D:5)
  A centaur skeleton (D:5)
  An orc wizard (D:5)
  Natasha (thrice) (D:2)
  5 worker ants (D:4)
  3 gnolls (D:4)
  10 adders
  2 oozes
  2 worms (D:2)
  A dart slug (D:3)
  A leopard gecko (D:1)
  3 orcs
  A ball python (D:1)
  6 giant cockroaches
  6 goblins
  6 hobgoblins
  4 jackals (D:1)
  A quokka (D:2)
  12 bats
  7 frilled lizards
  A jackal skeleton (D:4)
  10 kobolds
  A leopard gecko skeleton (D:4)
  9 rats
101 creatures vanquished.

Notes
Turn   | Place    | Note
-------+----------+-------------------------------------------
     0 | Abyss:1  | Argons the Kobold Abyssal Knight began the quest for the
                  | Orb.
     0 | Abyss:1  | Reached XP level 1. HP: 14/14 MP: 2/2
    30 | Abyss:1  | Found a corrupted altar of Lugonu.
    61 | Abyss:1  | Found a corrupted altar of Lugonu.
    78 | D:1      | Escaped the Abyss
   256 | D:1      | Reached skill level 1 in Stealth
   316 | D:1      | Reached XP level 2. HP: 19/19 MP: 3/3
   756 | D:1      | Reached XP level 3. HP: 22/23 MP: 4/4
  1034 | D:2      | Reached ** piety under Lugonu
  1282 | D:2      | Reached XP level 4. HP: 27/28 MP: 5/5
  1559 | D:2      | Noticed Natasha
  1562 | D:2      | Killed Natasha
  1562 | D:2      | Reached XP level 5. HP: 32/32 MP: 6/6
  1595 | D:2      | Reached skill level 5 in Short Blades
  1933 | D:2      | Noticed Natasha
  1943 | D:2      | Killed Natasha
  1954 | D:2      | Noticed Natasha
  2005 | D:2      | Killed Natasha
  2005 | D:2      | Reached skill level 5 in Stealth
  2688 | D:3      | Found a shimmering blue altar of Sif Muna.
  2975 | D:3      | Reached XP level 6. HP: 37/37 MP: 7/7
  3124 | D:3      | Reached *** piety under Lugonu
  3294 | D:4      | Noticed an ogre
  3510 | D:4      | Found Segerruu's Weapon Shop.
  3559 | D:4      | Noticed a phantom
  3594 | D:4      | Bought a +0 rapier for 52 gold pieces
  3665 | D:4      | Killed an ogre
  3839 | D:4      | Killed a phantom
  3839 | D:4      | Reached XP level 7. HP: 41/41 MP: 8/8
  4553 | D:5      | Entered Level 5 of the Dungeon
  5177 | D:5      | Reached skill level 1 in Armour
  5177 | D:5      | Reached XP level 8. HP: 43/46 MP: 9/9
  5209 | D:5      | Noticed Edmund
  5268 | D:5      | Found a runed translucent gate.
  5268 | D:5      | Found a runed translucent gate.
  5268 | D:5      | Found a runed translucent gate.
  5268 | D:5      | Noticed bmfx's ghost (novice FoSu)
  5438 | D:5      | HP: 1/46 [centaur (8)]
  5441 | D:5      | Mangled by a centaur

Illustrated notes

Levels and vault maps discovered:
D:1:      minmay_arrival_diagonal_passages, layout_basic
D:2:      wad_crossroads, layout_loops_ring, uniq_natasha
D:3:      layout_basic, lemuel_crystal_altar
D:4:      layout_loops_ring, gup_sewer_entry_glass, serial_shops, shop
D:5:      lemuel_upstairs_altar, layout_rooms, first_ration,
          ebering_ghost_rock_garden, sigmund_edmund_badplayer

Skill      XL: |  1  2  3  4  5  6  7 |
---------------+----------------------+-----
Stealth        | 1 2 3 4 5 6 8 |  8.0
Short Blades   | 3 4 5 6 8 |  8.1
Armour         | 1 |  1.1
Fighting       | |  3.2
Dodging        | |  2.8
Invocations    | |  2.0

Action                   |  1- 3 |  4- 6 |  7- 9 || total
-------------------------+-------+-------+-------++-------
Melee: Short sword       |   105 |   167 |       ||   272
       Rapier            |       |     6 |   131 ||   137
 Fire: Hunting sling     |       |       |     4 ||     4
Throw: Dart              |       |    12 |    13 ||    25
       Boomerang         |       |       |     1 ||     1
  Use: Scroll            |     4 |     1 |     3 ||     8
       Potion            |       |     3 |       ||     3
 Stab: Distracted        |     1 |       |       ||     1
       Sleeping          |     4 |    17 |     6 ||    27
  Eat: Chunk             |     9 |     7 |     7 ||    23
Armor: Leather armour    |    34 |    22 |    18 ||    74
Dodge: Dodged            |    64 |    89 |    65 ||   218

Table legend:
 A = Non-vault XP
 B = Vault XP
 C = Vault XP percentage of total XP
 D = Non-vault monster count
 E = Vault monster count
 F = Vault count percentage of total count
                 A         B        C        D         E       F
            +---------+---------+-------+---------+---------+-------
      Total |     993 |      85 |   7.9 |      92 |       9 |   8.9
            +---------+---------+-------+---------+---------+-------
        D:1 |      37 |       0 |   0.0 |      23 |       0 |   0.0
        D:2 |     162 |      43 |  21.0 |      26 |       5 |  16.1
        D:3 |      63 |       0 |   0.0 |      20 |       0 |   0.0
        D:4 |     582 |      42 |   6.7 |      17 |       4 |  19.0
        D:5 |     149 |       0 |   0.0 |       6 |       0 |   0.0
            +---------+---------+-------+---------+---------+-------
